 Dungeon Crawl Stone Soup version 0.29.1-12-g30fa7ad0bf (webtiles) character file.

Game seed: 4700614825542609147

98 styxcanada the Trooper (level 4, -5/41 HPs)
             Began as a Minotaur Fighter on Dec 18, 2022.
             Killed from afar by an orc wizard (11 damage)
             ... with a puff of flame
             ... on level 3 of the Dungeon.
             The game lasted 00:07:15 (2401 turns).

styxcanada the Trooper (Minotaur Fighter)           Turns: 2401, Time: 00:07:16

Health: -5/41      AC:  7    Str: 22    XL:     4   Next: 43%
Magic:  3/3        EV:  9    Int:  5    God:
Gold:   103        SH:  0    Dex: 10    Spells: 3/3 levels left

rFire   . . .      SeeInvis .   a - +0 war axe
rCold   . . .      Faith    .   c - +0 buckler
rNeg    . . .      Spirit   .   b - +0 scale mail
rPois   .          Reflect  .   (helmet restricted)
rElec   .          Harm     .   (no cloak)
rCorr   +          Rampage  .   (no gloves)
Will    .....                   (no boots)
Stlth   ..........              (no amulet)
HPRegen 0.13/turn               r - ring of resist corrosion
MPRegen 0.08/turn               (no ring)

@: confused
A: horns 2, retaliatory headbutt
a: no special abilities


You were on level 3 of the Dungeon.
You visited 1 branch of the dungeon, and saw 3 of its levels.

You collected 103 gold pieces.

Inventory:

Hand Weapons
 a - a +0 war axe (weapon)
Missiles
 l - 53 stones (quivered)
Armour
 b - a +0 scale mail (worn)
 c - a +0 buckler (worn)
Jewellery
 p - a ring of fire
 r - a ring of resist corrosion (left hand)
Scrolls
 e - a scroll of magic mapping
 h - a scroll of summoning {unknown}
 j - a scroll of immolation {unknown}
 k - 2 scrolls of vulnerability {unknown}
 m - a scroll of blinking {unknown}
 n - a scroll of poison {unknown}
Potions
 d - 2 potions of might
 g - a potion of resistance
 i - a potion of ambrosia
 o - a potion of invisibility {unknown}
 q - 2 potions of flight {unknown}
 s - a potion of curing {unknown}


   Skills:
 * Level 4.7 Fighting
 + Level 3.5 Axes
 * Level 4.6 Armour
 + Level 0.1 Dodging
 + Level 4.0 Shields


You had 3 spell levels left.
You didn't know any spells.
Your spell library was empty.

Dungeon Overview and Level Annotations

Branches:
Dungeon (3/15)

Altars:
Hepliaklqana
Yredelemnul

Annotations:
D:3 3 runed translucent doors, xian's ghost, weakling OpDe


Innate Abilities, Weirdness & Mutations

You have a pair of horns on your head.
You reflexively headbutt those who attack you in melee.


Message History

Found a scroll labelled SIEBAPP TULU and 90 gold pieces.
Found a roughly hewn altar of Beogh.
Throw: 2 darts (poison)
Press: ? - help, Q - select action, (/) - cycle Shift-Dir - straight line, f - orc
Aim: an orc, wielding a +0 dagger and wearing a +3 leather armour (57% to hit)
You throw a poisoned dart. The poisoned dart hits the orc.
The orc is poisoned.
The orc wizard gestures wildly while chanting.
The orc wizard flickers and vanishes!
Deactivating autopickup; reactivate with Ctrl-A.
Throw: dart (poison)
Press: ? - help, Q - select action, (/) - cycle Shift-Dir - straight line, f/p - orc
Aim: an orc, wielding a +0 dagger and wearing a +3 leather armour (moderately wounded, poisoned, 57% to hit)
You throw a poisoned dart.
The poisoned dart closely misses the orc.
The poisoned dart hits the orc priest.
You slash the orc!
You kill the orc!
You closely miss the orc priest. You headbutt the orc priest.
The orc priest is moderately wounded.
You barely miss something. You hit the orc priest.
The orc priest hits you with a +0 club. Something hits you.
You hear some strange, mumbled words.
You are confused.
The orc priest calls down the wrath of Beogh upon you.
Beogh smites you!
Unknown command.
Something hits you but does no damage. The orc priest hits you with a +0 club.
You closely miss something. You hit the orc priest.
The orc priest hits you with a +0 club. Something hits you but does no damage.
Something hits you.
The orc priest attacks as you move away!
The orc priest hits you with a +0 club.
The orc priest calls down the wrath of Beogh upon you.
Beogh smites you!
* * * LOW HITPOINT WARNING * * *
You hear some strange, mumbled words.
A puff of flame appears from out of thin air!
The puff of flame hits you!
You die...

########..# ###..#...# #..#
##.##... #..# #..#...
#..####*********** #..##Z.
#..##..,,,,,,,,,,* #.[.###
########..##.#**#####**####.#....
..........##.# ##...#*$$$##.....#
########..##.###....#.8$8.#.##.##
#........@.o.).(($_#.##...
##.#..<##..{##.8.8.#.#####
#.........##**.$.##.#
#......##....######.#
#.......#######.###.#
##..................#
##...#########.#####
##............# ##############


You could see an orc priest.

Vanquished Creatures
  2 adders (D:2)
  An adder zombie (D:3)
  A worm (D:3)
  A dart slug (D:1)
  An orc (D:3)
  8 bats
  7 endoplasms
  A giant cockroach (D:1)
  6 goblins
  6 hobgoblins
  4 quokkas
  7 ball pythons
  4 frilled lizards
  A giant cockroach zombie (D:3)
  A jackal zombie (D:3)
  7 kobolds
  A quokka zombie (D:3)
  8 rats
67 creatures vanquished.

Notes
Turn   | Place    | Note
-------+----------+-------------------------------------------
     0 | D:1      | styxcanada the Minotaur Fighter began the quest for the
                  | Orb.
     0 | D:1      | Reached XP level 1. HP: 19/19 MP: 0/0
   468 | D:1      | Reached XP level 2. HP: 22/27 MP: 1/1
   568 | D:1      | Found a faded altar of an unknown god.
  1000 | D:1      | Reached XP level 3. HP: 30/33 MP: 2/2
  1245 | D:2      | Found a hazy altar of Hepliaklqana.
  1835 | D:3      | Reached XP level 4. HP: 41/41 MP: 3/3
  2081 | D:3      | Found a basalt altar of Yredelemnul.
  2208 | D:3      | Found a runed translucent gate.
  2208 | D:3      | Found a runed translucent gate.
  2208 | D:3      | Found a runed translucent gate.
  2309 | D:3      | Noticed xian's ghost (weakling OpDe)
  2401 | D:3      | Killed from afar by an orc wizard

Illustrated notes

Levels and vault maps discovered:
D:1:      minmay_arrival_five_plusses, layout_loops_corners,
          chequers_ecumenical_altar_grove, minmay_pentomino_u4
D:2:      layout_basic, basic_altar, serial_curves, eino_curves_01,
          eino_curves_01, eino_curves_01, eino_curves_01,
          minmay_strange_pillars, chequers_serial_rivers_large_b
D:3:      layout_loops_ring, nicolae_yredelemnul_corpse_copse,
          gammafunk_ghost_icy, kennysheep_orc_chapel

Skill      XL: |  1  2  3 |
---------------+----------+-----
Armour         | 4 |  4.6
Fighting       | 4 |  4.7
Axes           | 3 |  3.5
Shields        | 4 |  4.0
Dodging        | |  0.1

Action                   |  1- 3 |  4- 6 || total
-------------------------+-------+-------++-------
Melee: War axe           |    75 |    39 ||   114
       Headbutt          |    12 |     8 ||    20
Throw: Dart              |       |     2 ||     2
  Use: Scroll            |       |     3 ||     3
Armor: Scale mail        |    26 |    15 ||    41
Dodge: Dodged            |    29 |    15 ||    44
Block: Buckler           |    21 |     3 ||    24
